 Dungeon Crawl Stone Soup version 0.30.1-4-g462c640d31 (webtiles) character file.

Game seed: 16738777312109589736

3240 Mune the Destroyer (level 9, -1/45 HPs)
             Began as a Gargoyle Fire Elementalist on Aug 20, 2023.
             Was an Initiate of Sif Muna.
             Slain by a human
             ... wielding a +2 heavy hand axe
              (5 damage)
             ... in a bailey.
             The game lasted 00:18:38 (9779 turns).

Mune the Destroyer (Gargoyle Fire Elementalist)     Turns: 9779, Time: 00:18:39

Health: -1/45      AC:  9    Str:  9 (12) XL:     9   Next: 99%
Magic:  25/33      EV: 12    Int: 19 (20) God:    Sif Muna [......]
Gold:   425        SH:  0    Dex: 13 (16) Spells: 5/12 levels left

rFire   . . .        j - +5 dagger
rCold   . . .        C - orb {*Rage}
rNeg    + . .        a - +0 robe
rPois   ∞            (no helmet)
rElec   +            (no cloak)
rCorr   .            s - +0 pair of gloves
SInv    .            (no boots)
Will    .....        h
                       - Hermit's Pendant {Faith Invo=14 Evo=0 MP+5}
Stlth   ++           m - +6 ring of dexterity
HPRegen 0.27/turn    o - ring of magical power
MPRegen 0.23/turn

%: random rage (20%), faith
@: no status effects
A: sickness immunity, AC +6, negative energy resistance 1, electricity
resistance, torment resistance 1, petrification resistance
a: Renounce Religion


You were in a bailey.
You worshipped Sif Muna.
Sif Muna was noncommittal.
You visited 1 branch of the dungeon, and saw 8 of its levels.
You also visited: Sewer and Bailey.

You collected 425 gold pieces.

Inventory:

Hand Weapons
 j - a +5 dagger (weapon)
Armour
 a - a +0 robe (worn)
 s - a +0 pair of gloves (worn)
 C - an orb of wrath (worn)
Jewellery
 g - an amulet of regeneration
 h - the Hermit's Pendant (around neck) {Faith Invo=14 Evo=0 MP+5}
   (You found it on level 6 of the Dungeon)

   [amulet of faith]

   Invo=14: It sets your Invocations skill to 14.
   Evo=0: It sets your Evocations skill to 0.
   It allows you to gain divine favour quickly.
   MP:        It affects your magic capacity (+5).
 m - a +6 ring of dexterity (left hand)
 o - a ring of magical power (right hand)
 z - a ring of see invisible
 B - a ring of resist corrosion
Wands
 i - a wand of iceblast (4)
 r - a wand of flame (31)
Scrolls
 c - 2 scrolls of fear
 e - 3 scrolls of vulnerability
 q - a scroll of silence
 u - a scroll of poison
 v - 4 scrolls of blinking
 w - a scroll of summoning
 y - a scroll of enchant armour {unknown}
 A - a scroll of identify
 D - a scroll of immolation
 G - a scroll of amnesia
Potions
 f - a potion of mutation {unknown}
 k - a potion of curing
 l - 2 potions of degeneration
 n - a potion of brilliance {unknown}
 p - a potion of attraction {unknown}
 t - a potion of invisibility {unknown}
 x - 3 potions of flight
 E - 2 potions of ambrosia
 F - 2 potions of might {unknown}


   Skills:
 - Level 1.5 Dodging
 - Level 2.1 Stealth
 - Level 2.0 Spellcasting
 + Level 14.7 Conjurations
 - Level 3.0 Fire Magic


You had 5 spell levels left.
You knew the following spells:

 Your Spells              Type           Power      Damage    Failure   Level
a - Foxfire               Conj/Fire      100%       2x1d9     1%          1
b - Scorch                Fire           26%        2d6       8%          2
c - Flame Wave            Conj/Fire      35%        2d10      4%          4

Your spell library contained the following spells:

 Spells                   Type           Power      Damage    Failure   Level
 Kiss of Death            Conj/Necr      100%       2d13      1%          1
 Shock                    Conj/Air       100%       1d9       1%          1
 Arcjolt                  Conj/Air       14%        1d24      22%         5
 Inner Flame              Hex/Fire       7%         N/A       26%         3
 Volatile Blastmotes      Fire/Tloc      14%        2d11      26%         3
 Confusing Touch          Hex            1%         N/A       45%         3
 Swiftness                Air            1%         N/A       45%         3
 Vhi's Electric Charge    Tloc/Air       2%         N/A       45%         3
 Airstrike                Air            0%         2d(1-17)  86%         4
 Dispel Undead            Necr           1%         3d6       86%         4
 Summon Lightning Spire   Summ/Air       1%         N/A       86%         4
 Plasma Beam              Fire/Air       3%         2x1d15    100%        6
 Storm Form               Tmut/Air       0%         N/A       100%        7
 Maxwell's Capacitive Co  Air            0%         ∞         100%        8


Dungeon Overview and Level Annotations

Branches:
Dungeon (8/15)             Temple (0/1) D:6           Sewer (visited)
 Bailey (1/1)
   Lair: D:8-11

Altars:
Ashenzari
Fedhas
Gozag
Kikubaaqudgha
Makhleb
Ru
Sif Muna
Xom
The Shining One

Shops:
D:1 *   D:4 *   D:6 *

Annotations:
D:6 2 transporters, Bobit's ghost, amateur GnWn
D:7 1 runed translucent door, hawla's ghost, novice MeFE


Innate Abilities, Weirdness & Mutations

You are immune to sickness and miasma.
Your stone body is resilient. (AC +6)
You are immune to poison.
You resist negative energy. (rN+)
You are resistant to electric shocks. (rElec)
You are resistant to unholy torment.
You are immune to petrification.


Message History

The human hits you with a +0 war axe.
* * * LOW HITPOINT WARNING * * *
The human completely misses you.
You feel much better.
The foxfire hits the human.
The human is heavily wounded.
The foxfire hits the human.
The human is almost dead.
The human closely misses you.
Casting: Foxfire (safe; 1% risk of failure)
Confirm with . or Enter, or press ? or * to list all spells.
You conjure some foxfire!
The human hits you but does no damage. The human closely misses your foxfire.
The human closely misses you.
The human hits your foxfire with a +0 war axe!
The human barely misses your foxfire.
You hit the human but do no damage.
The human is heavily wounded.
The foxfire hits the human but does no damage.
The human is heavily wounded.
The foxfire hits the human but does no damage.
The human is almost dead.
The human hits you with a +2 heavy hand axe!
The human barely misses you.
You hit the human but do no damage.
The human is heavily wounded.
The human hits you with a +0 war axe.
* * * LOW HITPOINT WARNING * * *
The human attacks as you move away!
The human hits you with a +2 heavy hand axe!
* * * LOW HITPOINT WARNING * * *
There is an empty arch of ancient stone here.
You feel better. The human closely misses you.
The human hits you with a +2 heavy hand axe!
* * * LOW HITPOINT WARNING * * *
Magic courses through your body. The human hits you with a +0 war axe.
* * * LOW HITPOINT WARNING * * *
It was a potion of degeneration.
There was something very wrong with that liquid.
You feel weakened.
You feel dopey.
You feel clumsy.
The human hits you with a +2 heavy hand axe.
You die...

## ##~~ #~~~
+~~~~ #####
#~~~~##g..##
#~~~†.p@..#
#####gp...#
#....)).∩..#
......##...##
...... #####
#####


You could see 2 humans and 2 goblins.

Vanquished Creatures
  Pikel (D:4)
  An ugly thing (D:6)
  Grinder (D:5)
  Sigmund (D:6)
  Eustachio (D:6)
  2 humans (Bailey)
  Menkaure (D:7)
  A water moccasin (D:6)
  An ice beast (D:6)
  An orc warrior (D:5)
  An ogre (D:5)
  4 lemures (D:4)
  2 bullfrogs
  A scorpion (D:7)
  4 orc priests
  3 hounds (D:5)
  2 jellies
  Crazy Yiuf (D:6)
  A sleepcap (D:6)
  Ijyb (D:4)
  Jessica (D:2)
  4 iguanas
  4 orc wizards
  7 gnolls
  9 adders
  10 river rats
  A shadow imp (D:7)
  An ufetubus (D:5)
  3 worms
  5 dart slugs
  18 orcs
  13 bats
  7 endoplasms
  7 giant cockroaches
  12 goblins
  6 hobgoblins
  4 jackals (Sewer)
  4 quokkas
  11 ball pythons
  8 frilled lizards
  4 rats
170 creatures vanquished.

Vanquished Creatures (others)
  1047 foxfires
1047 creatures vanquished.

Grand Total: 1217 creatures vanquished

Notes
Turn   | Place    | Note
-------+----------+-------------------------------------------
     0 | D:1      | Mune the Gargoyle Fire Elementalist began the quest for the
                  | Orb.
     0 | D:1      | Reached XP level 1. HP: 10/10 MP: 3/3
   211 | D:1      | Reached skill level 2 in Conjurations
   269 | D:1      | Reached XP level 2. HP: 15/15 MP: 0/5
   325 | D:1      | Found Liawk's General Store.
   795 | D:1      | Reached skill level 3 in Conjurations
   923 | D:1      | Reached XP level 3. HP: 19/19 MP: 3/6
  1530 | D:2      | Noticed Jessica
  1538 | D:2      | Killed Jessica
  1539 | D:2      | Reached skill level 4 in Conjurations
  1539 | D:2      | Reached XP level 4. HP: 24/24 MP: 0/7
  2168 | D:2      | Found a broken altar of Ashenzari.
  2465 | D:3      | Learned a level 2 spell: Scorch
  2470 | D:3      | Learned a level 4 spell: Flame Wave
  2573 | D:3      | Found a faded altar of an unknown god.
  2730 | D:3      | Found a glowing golden altar of the Shining One.
  2920 | D:4      | Noticed Ijyb
  2942 | D:3      | Reached skill level 5 in Conjurations
  3049 | D:4      | Killed Ijyb
  3050 | D:4      | Reached XP level 5. HP: 20/28 MP: 7/8
  3252 | D:4      | Found a glowing drain.
  3270 | Sewer    | Entered a sewer
  3273 | Sewer    | Reached skill level 6 in Conjurations
  3749 | Sewer    | Reached XP level 6. HP: 32/32 MP: 9/9
  4784 | D:4      | Reached skill level 7 in Conjurations
  4873 | D:4      | Noticed Pikel
  5260 | D:4      | Found an opulent altar of Gozag.
  5388 | D:4      | Reached XP level 7. HP: 36/36 MP: 10/10
  5474 | D:4      | Found Pylamu's General Store.
  5781 | D:4      | Reached skill level 8 in Conjurations
  6136 | D:4      | Killed Pikel
  6137 | D:4      | Reached skill level 9 in Conjurations
  6137 | D:4      | Reached XP level 8. HP: 29/41 MP: 0/11
  6303 | D:5      | Entered Level 5 of the Dungeon
  6308 | D:5      | Reached skill level 10 in Conjurations
  7049 | D:5      | Noticed Grinder
  7058 | D:5      | Paralysed by Grinder for 4 turns
  7064 | D:5      | Killed Grinder
  7065 | D:5      | Reached skill level 11 in Conjurations
  7304 | D:5      | HP: 2/41 [orc warrior/+0 glaive (6)]
  7568 | D:6      | Found Ypiom's Assorted Antiques.
  7609 | D:6      | Noticed Eustachio
  7730 | D:6      | Reached skill level 12 in Conjurations
  7764 | D:6      | Reached XP level 9. HP: 45/45 MP: 12/12
  7944 | D:6      | Killed Eustachio
  8065 | D:6      | Found a staircase to the Ecumenical Temple.
  8070 | D:6      | Noticed Sigmund
  8075 | D:6      | Killed Sigmund
  8076 | D:6      | Reached skill level 13 in Conjurations
  8191 | D:6      | Identified the +1 hammer of Pestilence {protect, rCorr}
  8198 | D:6      | Found a runed translucent door.
  8199 | D:6      | Noticed Crazy Yiuf
  8223 | D:6      | Found a sacrificial altar of Ru.
  8244 | D:6      | Killed Crazy Yiuf
  8286 | D:6      | Found a blossoming altar of Fedhas.
  8300 | D:6      | Found a burning altar of Makhleb.
  8303 | D:6      | Found an ancient bone altar of Kikubaaqudgha.
  8384 | D:6      | Noticed Bobit's ghost (amateur GnWn)
  8391 | D:6      | Found a transporter.
  8394 | D:6      | Found a transporter.
  8516 | D:6      | Noticed a hornet
  8542 | D:6      | Found a faded altar of an unknown god.
  8542 | D:6      | Found the Hermit's Pendant {Faith Invo=14 Evo=0 MP+5}
  8543 | D:6      | Noticed a green ugly thing
  8565 | D:6      | Killed a purple ugly thing
  9105 | D:7      | Found a runed translucent door.
  9106 | D:7      | Found a shimmering altar of Xom.
  9106 | D:7      | Noticed hawla's ghost (novice MeFE)
  9106 | D:7      | Noticed a +1 spear of chaos
  9227 | D:7      | Noticed Menkaure
  9231 | D:7      | Killed Menkaure
  9232 | D:7      | Reached skill level 14 in Conjurations
  9508 | D:8      | Found a flagged portal.
  9680 | D:8      | Found a shimmering blue altar of Sif Muna.
  9702 | D:8      | Became a worshipper of Sif Muna the Loreminder
  9718 | Bailey   | Entered a bailey
  9779 | Bailey   | Slain by a human

Illustrated notes

Levels and vault maps discovered:
D:1:      lemuel_arrival_broad_hall, layout_basic, serial_shops,
          nicolae_shop_crystal
D:2:      layout_basic, basic_altar, minmay_stone_trees_small, uniq_jessica
D:3:      layout_rooms, mainiacjoe_overflow_24_doors,
          dreamdust_ecumenical_altar_statues
D:4:      layout_basic, mainiacjoe_overflow_small_starburst, serial_rivers,
          chequers_serial_rivers_large_b, chequers_serial_rivers_micro_b,
          chequers_serial_rivers_micro_a, chequers_serial_rivers_micro_b,
          chequers_serial_rivers_micro_b, chequers_serial_rivers_small_3,
          portal_sewer_entry_a, serial_shops, shop, uniq_ijyb, uniq_pikel
D:5:      layout_loops_ring, amcnicky_mini_rare_corridor_liquid, uniq_grinder
D:6:      layout_cave_pools, grunt_temple_overflow_cloverleaf,
          minmay_temple_entry_wispy, serial_shops, shop, gammafunk_ghost_hive,
          solitary_fountain, hellmonk_guarded_unrand_hermit, uniq_eustachio,
          uniq_crazy_yiuf_cottage, uniq_sigmund
D:7:      layout_cave_pools, ebering_ghost_xom, minmay_strange_pillars,
          columned_hall_lemuel, uniq_menkaure
D:8:      layout_loops_cross, nicolae_ashenzari_panopticon,
          mainiacjoe_overflow_catwalk, enter_ossuary_4, enter_bailey_5,
          kennysheep_kite_vault
Bailey:   bailey_axe_froggy_fort_hellmonk, bailey

Skill      XL: |  1  2  3  4  5  6  7  8  9 |
---------------+----------------------------+-----
Conjurations   | 2 3 4 5 6 7 9 12 14 | 14.7
Dodging        | |  1.5
Stealth        | |  2.1
Spellcasting   | |  2.0
Fire Magic     | |  3.0

Action                     |  1- 3 |  4- 6 |  7- 9 || total
---------------------------+-------+-------+-------++-------
  Melee: Dagger            |     1 |    21 |    26 ||    48
   Cast: Foxfire           |    70 |   268 |   285 ||   623
         Scorch            |       |     1 |    15 ||    16
         Flame Wave        |       |       |     7 ||     7
    Use: Scroll            |       |     9 |    10 ||    19
         Potion            |       |     5 |     9 ||    14
 Armour: Robe              |     4 |    23 |    42 ||    69
  Dodge: Dodged            |     6 |    36 |    91 ||   133
